 Dungeon Crawl Stone Soup version 0.27.0-1-g7a089689b8 (webtiles) character file.

Game seed: 18052151855350873409

39 Ozzies the Skirmisher (level 3, -2/31 HPs)
             Began as a Palentonga Monk on Aug 1, 2021.
             Slain by a kobold (5 damage)
             ... on level 2 of the Dungeon.
             The game lasted 00:03:37 (827 turns).

Ozzies the Skirmisher (Palentonga Monk)              Turns: 827, Time: 00:03:38

Health: -2/31      AC:  4    Str: 15    XL:     3   Next: 26%
Magic:  3/3        EV: 10    Int: 10    God:
Gold:   46         SH:  0    Dex: 12    Spells: 2/2 levels left

rFire    . . .     SeeInvis +     - Unarmed
rCold    . . .     Faith    .   (no shield)
rNeg     . . .     Spirit   .   a - +0 robe
rPois    .         Reflect  .   (no helmet)
rElec    .         Harm     .   (no cloak)
rCorr    .         Rampage  .   (no gloves)
Will     .....                  (no barding)
Stlth    ++........             (no amulet)
HPRegen  0.10/turn              (no ring)
MPRegen  0.08/turn              (no ring)

@: no status effects
A: large, rugged brown scales 3, see invisible, deformed body, roll 1, armoured
tail
a: Rolling Charge


You were on level 2 of the Dungeon.
You visited 1 branch of the dungeon, and saw 2 of its levels.

You collected 46 gold pieces.

Inventory:

Missiles
 d - 15 stones
Armour
 a - a +0 robe (worn)
Jewellery
 b - a +4 ring of evasion
Potions
 c - a potion of magic


   Skills:
 + Level 3.4 Fighting
 + Level 0.9 Armour
 + Level 2.7 Dodging
 - Level 1.2 Stealth
 + Level 3.4 Unarmed Combat


You had 2 spell levels left.
You didn't know any spells.
Your spell library contained the following spells:

 Spells                   Type           Power      Damage    Failure   Level
 Slow                     Hex            0%         N/A       50%         2
 Confusing Touch          Hex            0%         N/A       75%         3
 Ozocubu's Armour         Ice            0%         N/A       75%         3
 Vampiric Draining        Necr           0%         2d6       75%         3
 Metabolic Englaciation   Hex/Ice        0%         N/A       100%        5
 Simulacrum               Ice/Necr       0%         N/A       100%        6


Dungeon Overview and Level Annotations

Branches:
Dungeon (1/15)

Altars:

Shops:
D:1 [


Innate Abilities, Weirdness & Mutations

You are completely covered in rugged brown scales. (AC +3, +7% HP)
You have supernaturally acute eyesight. (SInv)
Armour fits poorly on your strangely shaped body.
You can roll at nearby foes to attack.
You have a long armoured tail.


Message History

You barely miss the bat.
Your tail-slap misses the bat.
The bat hits you.
The goblin unwields a +0 club.
The goblin wields a +0 hunting sling.
The goblin shoots a stone.
The stone hits you but does no damage. The bat closely misses you.
The bat hits you. The bat hits you.
A kobold comes into view. It is wielding a +0 short sword.
The kobold hits you but does no damage.
You closely miss the goblin.
The kobold shouts!
The bat barely misses you.
The goblin unwields a +0 hunting sling.
The goblin wields a +0 club.
The goblin barely misses you.
You hit the goblin.
You kill the goblin!
The bat misses you.
The kobold hits you with a +0 short sword.
The goblin barely misses you.
You hit the hobgoblin but do no damage. The bat hits you but does no damage.
The kobold hits you with a +0 short sword.
The hobgoblin closely misses you. The goblin barely misses you.
The bat misses you.
You hit the hobgoblin but do no damage. The bat hits you.
The kobold hits you but does no damage. The hobgoblin closely misses you.
The goblin hits you but does no damage.
You miss the adder.
Your tail-slap misses the adder.
The bat closely misses you. The bat barely misses you. The kobold misses you.
The adder bites you but does no damage. The hobgoblin closely misses you.
The goblin barely misses you.
You punch the adder!
The adder is heavily wounded.
The bat hits you but does no damage. The adder bites you.
The bat closely misses you. The kobold hits you but does no damage.
The hobgoblin closely misses you. The goblin hits you but does no damage.
The adder bites you but does no damage.
You are too injured to fight recklessly!
You are too injured to fight recklessly!
You are too injured to fight recklessly!
You are too injured to fight recklessly!
You are too injured to fight recklessly!
You are too injured to fight recklessly!
You are too injured to fight recklessly!
You are too injured to fight recklessly!
You are too injured to fight recklessly!
You are too injured to fight recklessly!
You are too injured to fight recklessly!
You are too injured to fight recklessly!
You are too injured to fight recklessly!
You are too injured to fight recklessly!
You are too injured to fight recklessly!
You are too injured to fight recklessly!
You are too injured to fight recklessly!
You are too injured to fight recklessly!
You are too injured to fight recklessly!
You are too injured to fight recklessly!
You completely miss the adder.
The adder is heavily wounded.
The bat hits you but does no damage. The kobold hits you but does no damage.
The hobgoblin barely misses you. The adder bites you but does no damage.
The kobold hits you but does no damage. The goblin closely misses you.
You closely miss the adder.
Your tail-slap misses the adder.
The adder is heavily wounded.
The bat misses you. The bat barely misses you.
The kobold hits you with a +0 short sword.
The hobgoblin hits you. The adder misses you. The kobold barely misses you.
The goblin closely misses you.
You miss the adder.
The adder is heavily wounded.
The bat closely misses you. The adder bites you. The kobold barely misses you.
The hobgoblin closely misses you.
The kobold hits you with a +0 short sword.
The goblin hits you with a +0 club.
* * * LOW HITPOINT WARNING * * *
You hit the adder but do no damage.
Your tail-slap misses the adder.
The adder is heavily wounded.
The adder bites you but does no damage.
The kobold hits you with a +0 short sword.
* * * LOW HITPOINT WARNING * * *
The hobgoblin hits you.
* * * LOW HITPOINT WARNING * * *
The bat hits you.
* * * LOW HITPOINT WARNING * * *
The kobold hits you but does no damage.
You closely miss the adder.
Your tail-slap misses the adder.
The adder is heavily wounded.
The bat closely misses you. The adder completely misses you.
The goblin barely misses you. The bat hits you but does no damage.
The kobold hits you with a +0 short sword.
* * * LOW HITPOINT WARNING * * *
The hobgoblin hits you but does no damage.
The adder barely misses you.
Okay, then.
Unknown command.
You aren't carrying any scrolls.
You are a level 3 Palentonga Monk.
You are 26% of the way to level 4.
Play time: 00:03:37 (827 turns).
Zot will find you in 11179 turns if you stay in this branch and explore no new floors.
It was a potion of magic.
Magic courses through your body. The bat hits you but does no damage.
The kobold hits you with a +0 short sword.
You die...

## #. .
...>...
##.#.#.##
####..#..#.#
#........#.#
#........#.#
#........#.#
#...KgK†.#.#
+...b@g....#
#.....S.#..#
###+#####..#
#.># ##.# .#
.# .#


You could see an adder, a hobgoblin, a goblin, a bat and 2 kobolds.

Vanquished Creatures
  2 ball pythons (D:1)
  5 bats (D:1)
  3 endoplasms (D:1)
  4 giant cockroaches
  3 goblins
  2 hobgoblins (D:1)
  6 jackals (D:1)
  3 quokkas (D:1)
  2 kobolds (D:1)
  2 rats (D:1)
32 creatures vanquished.

Notes
Turn   | Place    | Note
-------+----------+-------------------------------------------
     0 | D:1      | Ozzies the Palentonga Monk began the quest for the Orb.
     0 | D:1      | Reached XP level 1. HP: 19/19 MP: 1/1
   109 | D:1      | Reached XP level 2. HP: 12/25 MP: 2/2
   281 | D:1      | Found Goemusa's Antique Armour Boutique.
   558 | D:1      | Reached XP level 3. HP: 31/31 MP: 3/3
   809 | D:1      | You fall into a shaft and drop 1 floor!
   827 | D:2      | Slain by a kobold

Illustrated notes

Levels and vault maps discovered:
D:1:      dpeg_arrival_shelter, layout_rooms, serial_shops,
          nicolae_shop_statue_plus, hellmonk_ecumenical_altar_dog_temple
D:2:      layout_basic, grunt_ministairs_7, st_stairs_8

Action                   || total
-------------------------++-------
Melee: Unarmed           ||   114
       Tailslap          ||    15
 Abil: Rolling Charge    ||     3
  Use: Potion            ||     1
Armor: Robe              ||    59
Dodge: Dodged            ||   100
